Cogmind - Beta 14 @@@ ROGUE MODE // 2024.11.10 @ 03:55:18 Player: WazdakkaGutsmek Result: Destroyed by as-32432 with Assembled Blade Performance ------------- Evolutions (0) 0 Regions Visited (4) 800 Robots Destroyed (27) 135 Value Destroyed (599) 599 Prototype IDs (23) 460 Alien Tech Used (0) 0 Bonus (300) 300 TOTAL SCORE: 2294 Bonus ------- Aligned with FarCom 300 Cogmind --------- Core Integrity 0/250 Matter 299/300 Energy 265/265 System Corruption 5% Temperature Cool (22) Movement Treading (240) Ox1 Location -9/Mines Parts ------- > --- POWER (1) -------- Improved Ion Engine > --- PROPULSION (2) --- Light Treads Light Treads > --- UTILITY (2) ------ Improved Heat Sink High-capacity Storage Unit > --- WEAPON (2) ------- Particle Cannon Light Assault Rifle > --- INVENTORY (20) --- Ion Engine Light Armor Plating Skeleton Box Firepult Grenade Launcher Field Lobotomy Kit (5) Peak State ------------ > --- POWER ------------ Improved Ion Engine > --- PROPULSION ------- Light Treads Light Treads > --- UTILITY ---------- Improved Heat Sink High-capacity Storage Unit > --- WEAPON ----------- Particle Cannon Light Assault Rifle > --- INVENTORY -------- Ion Engine Light Armor Plating Skeleton Box Firepult Grenade Launcher Field Lobotomy Kit [Rating: 14] Favorites ----------- Power Ion Engine Engine Ion Engine Propulsion Light Treads Treads Light Treads Leg Aluminum Leg Utility Cooling System Device Cooling System Storage Large Storage Unit Weapon Beam Cannon Energy Gun EM Pulse Gun Energy Cannon Beam Cannon Ballistic Gun Light Assault Rifle Build | -11 -10 -10 -10 -9 ------- Run | Yrd Mat Min Exi Min Slots Evolved . | . . . . . Power . | . . . . . Propulsion . | . . . . . Utility . | . . . . . Weapon . | . . . . . Parts Attached 20 | 2 10 . 1 7 Power 3 | . 2 . . 1 Engine 3 | . 2 . . 1 Core . | . . . . . Reactor . | . . . . . Propulsion 5 | 2 2 . . 1 Treads 5 | 2 2 . . 1 Leg . | . . . . . Wheel . | . . . . . Hover . | . . . . . Flight . | . . . . . Utility 6 | . 3 . 1 2 Device 3 | . 1 . . 2 Storage 3 | . 2 . 1 . Processor . | . . . . . Hackware . | . . . . . Protection . | . . . . . Artifact . | . . . . . Weapon 6 | . 3 . . 3 Energy Gun . | . . . . . Energy Cannon 4 | . 2 . . 2 Ballistic Gun 2 | . 1 . . 1 Ballistic Cannon . | . . . . . Launcher . | . . . . . Special Weapon . | . . . . . Impact Weapon . | . . . . . Slashing Weapon . | . . . . . Piercing Weapon . | . . . . . Special Melee Weapon . | . . . . . Unidentified Prototypes . | . . . . . Parts Lost 5 | . 2 . . 3 Power . | . . . . . Propulsion 1 | . 1 . . . Utility 2 | . . . . 2 Weapon 2 | . 1 . . 1 Highest Loss Streak 2 | . 2 . . 1 To Critical Strikes . | . . . . . Average Slot Usage (%) 97 | . 95 100 100 96 Engine 14 | . 14 14 14 14 Treads 27 | . 27 28 28 28 Device 12 | . 9 14 14 13 Storage 14 | . 14 14 14 14 Energy Gun 1 | . 4 . . . Energy Cannon 15 | . 18 14 14 14 Ballistic Gun 9 | . 5 14 14 10 Peak Build Rating 14 | 6 8 8 12 14 Average Rating 9 | 5 7 8 10 12 On Entrance 8 | 6 6 8 8 12 Naked Turns . | . . . . . Heaviest Build 54 | 12 31 31 51 54 Greatest Support 40 | 40 40 40 40 40 Greatest Overweight (x) 1 | . 1 . 1 1 Average Overweight (x) . | . . . . 1 Largest Inventory Capacity 20 | 8 15 15 20 20 Average Capacity 15 | 8 11 15 15 20 Most Carried 8 | 6 7 3 8 7 Average Carried 5 | 5 4 3 5 6 Final Capacity 20 | 8 15 15 20 20 Final Carried 7 | 4 3 3 7 7 Class Distribution -------------------- 98% | Mutant Dominant Class ---------------- Mutant | -10/Materials Mutant | -10/Mines Mutant | -10/Exiles Mutant | -9/Mines Resources | -11 -10 -10 -10 -9 ----------- Run | Yrd Mat Min Exi Min Matter Collected 439 | 200 124 10 . 105 Remotely . | . . . . . Salvage Created 1015 | . 711 . . 304 Parts 39 | . 37 . . 2 Haulers Intercepted 2 | . 2 . . . Recyclers Shooed 1 | . 1 . . . Parts Field Recycled . | . . . . . Retrieved Matter . | . . . . . Parts Self-Destructed . | . . . . . Prevented . | . . . . . Kills | -11 -10 -10 -10 -9 ------- Run | Yrd Mat Min Exi Min Combat Hostiles Destroyed 31 | . 17 . . 14 Guns 3 | . . . . 3 Cannons 28 | . 17 . . 11 Classes Destroyed 8 | . 7 . . 1 Worker 1 | . 1 . . . Hauler 2 | . 2 . . . Recycler 1 | . 1 . . . Operator 1 | . 1 . . . Watcher 2 | . 2 . . . Swarmer 9 | . 9 . . . Grunt 11 | . 8 . . 3 Assembled 11 | . . . . 11 Best Kill Streak 8 | . 6 . . 8 Combat Bots Only 8 | . 5 . . 8 Max Kills in Single Turn 1 | . 1 . . 1 Gunslinging . | . . . . . Exploded . | . . . . . Melee . | . . . . . Uniques/NPCs Destroyed . | . . . . . Combat | -11 -10 -10 -10 -9 -------- Run | Yrd Mat Min Exi Min Hostile Shots Fired 170 | . 94 . . 76 Missed 46 | . 23 . . 23 Damage Taken 1442 | . 649 . . 793 Core 264 | . 108 . . 156 Absorbed by Shields . | . . . . . Core Remaining (%) 100 | 100 . . . . Volleys Fired 116 | . 62 . . 54 Largest 2 | . 2 . . 2 Hottest 120 | . 120 . . 120 Shots Fired 221 | . 124 . . 97 Gun 52 | . 17 . . 35 Cannon 169 | . 107 . . 62 Launcher . | . . . . . Special . | . . . . . Kinetic 46 | . 11 . . 35 Thermal 169 | . 107 . . 62 Explosive . | . . . . . Electromagnetic 6 | . 6 . . . Robot Hit Streak 10 | . 8 . . 10 Robot Miss Streak 6 | . 6 . . 5 Penetration Max . | . . . . . Secondary Targets . | . . . . . Shots Hit Robots 122 | . 69 . . 53 Core Hits 50 | . 28 . . 22 Critical Kills . | . . . . . Critical Parts Destroyed . | . . . . . Critical Strikes . | . . . . . Melee Attacks . | . . . . . Impact . | . . . . . Slashing . | . . . . . Piercing . | . . . . . Sneak Attacks . | . . . . . Combat Hostiles . | . . . . . Follow-up Attacks . | . . . . . Damage Inflicted 2135 | . 1220 . . 915 Guns 270 | . 139 . . 131 Cannons 1849 | . 1073 . . 776 Explosions . | . . . . . Melee . | . . . . . Ramming 16 | . 8 . . 8 Kinetic 202 | . 71 . . 131 Thermal 1849 | . 1073 . . 776 Explosive . | . . . . . Electromagnetic 68 | . 68 . . . Impact . | . . . . . Slashing . | . . . . . Piercing . | . . . . . Highest Corruption 5 | . . . . 5 Average Corruption 5 | . . . . 5 Corruption Purged . | . . . . . Corruption Blocked . | . . . . . Effects 3 | . . . . 3 Matter Fused 1 | . . . . 1 Data Loss (major) 1 | . . . . 1 Alerts 1 | . . . . 1 Overload Shots . | . . . . . Overflow Damage 17 | . 9 . . 8 Projectiles 17 | . 9 . . 8 Explosions . | . . . . . Melee . | . . . . . Knockbacks . | . . . . . Impact . | . . . . . Kinetic . | . . . . . Secondary . | . . . . . Self-Inflicted Damage . | . . . . . Shots . | . . . . . Rammed 4 | . 2 . . 2 Targets Rammed 4 | . 2 . . 2 Kicked . | . . . . . Crushed . | . . . . . Highest Temperature 162 | . 25 . . 162 Average Temperature 32 | . 8 . . 39 Received Heat Transfer 342 | . 144 . . 198 Siege Activations . | . . . . . Robots Corrupted . | . . . . . Combat Hostiles . | . . . . . Parts Fried . | . . . . . Impact Corruptions . | . . . . . Robots Melted . | . . . . . Combat Hostiles . | . . . . . Parts Melted 2 | . 2 . . . Heat Transferred 3811 | . 2257 . . 1554 Parts Sabotaged . | . . . . . Parts Stolen . | . . . . . Parts Stripped . | . . . . . Power Chain Reactions . | . . . . . Alert | -11 -10 -10 -10 -9 ------- Run | Yrd Mat Min Exi Min Peak Influence 392 | . 392 152 . 80 Initial 152 | . . 152 . . Average 99 | . 151 152 . 36 Maximum Alert Level 1 | . 1 . . . Low Security (%) 82 | 100 59 100 . 100 Level 1 17 | . 40 . . . Level 2 . | . . . . . Level 3 . | . . . . . Level 4 . | . . . . . Level 5 . | . . . . . High Security . | . . . . . Max Security . | . . . . . Squads Dispatched 2 | . 2 . . . Investigation 1 | . 1 . . . Extermination . | . . . . . Reinforcement 1 | . 1 . . . Assault . | . . . . . Garrison . | . . . . . Intercept . | . . . . . Searches Triggered . | . . . . . Construction Impeded . | . . . . . Haulers Reinforced . | . . . . . Active Scanning Responses . | . . . . . Cargo Convoy Interrupts . | . . . . . Stealth | -11 -10 -10 -10 -9 --------- Run | Yrd Mat Min Exi Min Distress Signals 1 | . 1 . . . Communications Jammed . | . . . . . Distress Signals . | . . . . . Times Spotted 49 | . 29 . . 20 Peak Tracking Total 10 | . 10 . . 3 Tactical Retreats 5 | . 3 . . 2 Traps | -11 -10 -10 -10 -9 ------- Run | Yrd Mat Min Exi Min Traps Triggered . | . . . . . Indirectly . | . . . . . Trap Hack Attempts . | . . . . . Triggered . | . . . . . Disarmed . | . . . . . Reprogrammed . | . . . . . Reused . | . . . . . Traps Extracted . | . . . . . Installed . | . . . . . Triggered . | . . . . . Machines | -11 -10 -10 -10 -9 ---------- Run | Yrd Mat Min Exi Min Machines Disabled 5 | . 4 . . 1 Max in Single Turn 1 | . 1 . . 1 Machines Repaired . | . . . . . Machines Dismantled . | . . . . . Machines Sabotaged . | . . . . . Overloaded Fab Kills . | . . . . . Hacking | -11 -10 -10 -10 -9 --------- Run | Yrd Mat Min Exi Min Machines Accessed 3 | . 2 . 1 . Terminals 2 | . 2 . . . Fabricators . | . . . . . Repair Stations . | . . . . . Recycling Units . | . . . . . Scanalyzers . | . . . . . Garrison Access . | . . . . . Total Hacks 7 | . 6 . 1 . Successful 4 | . 3 . 1 . Failed 3 | . 3 . . . Catastrophic . | . . . . . Database Lockouts . | . . . . . Manual 7 | . 6 . 1 . Terminals 6 | . 6 . . . Fabricators . | . . . . . Repair Stations . | . . . . . Recycling Units . | . . . . . Scanalyzers . | . . . . . Garrison Access . | . . . . . Terminal Hacks 2 | . 1 . 1 . Branch Access Points 1 | . 1 . . . Derelict Proto ID Bank 1 | . . . 1 . Fabricator Hacks . | . . . . . Repair Station Hacks . | . . . . . Recycling Unit Hacks . | . . . . . Scanalyzer . | . . . . . Garrison Access Hacks . | . . . . . Unauthorized Hacks 2 | . 2 . . . Terminals 2 | . 2 . . . Botnet 2 | . 2 . . . Fabricators . | . . . . . Repair Stations . | . . . . . Recycling Units . | . . . . . Scanalyzers . | . . . . . Garrison Access . | . . . . . Data Cores Recovered . | . . . . . Used . | . . . . . Hacking Detections 2 | . 2 . . . Full Trace Events 1 | . 1 . . . Feedback Events . | . . . . . Feedback Blocked . | . . . . . Robot Schematics Acquired . | . . . . . Robots Built . | . . . . . Authchips . | . . . . . Time . | . . . . . Total Robot Build Rating . | . . . . . Part Schematics Acquired . | . . . . . Parts Built . | . . . . . Authchips . | . . . . . Time . | . . . . . Total Part Build Rating . | . . . . . Parts Repaired . | . . . . . Time . | . . . . . Parts Recycled . | . . . . . Recycled Matter . | . . . . . Retrieved Matter . | . . . . . Retrieved Components . | . . . . . Parts Scanalyzed . | . . . . . Part Schematics Acquired . | . . . . . Parts Damaged . | . . . . . Bothacking | -11 -10 -10 -10 -9 ------------ Run | Yrd Mat Min Exi Min Used RIF Installer . | . . . . . Robots Hacked . | . . . . . Non-combat . | . . . . . Combat . | . . . . . Robot Hacks Applied . | . . . . . Relay Couplers Released . | . . . . . Fabnet Peak Effective % . | . . . . . Robots Rewired . | . . . . . Allies Hacked . | . . . . . Hacks Repelled . | . . . . . Allies | -11 -10 -10 -10 -9 -------- Run | Yrd Mat Min Exi Min Total Allies 3 | . . . . 3 Largest Group 3 | . . . . 3 Highest-Rated Group 40 | . . . . 40 Highest-Rated Ally 16 | . . . . 16 Total Orders . | . . . . . Ally Attacks 18 | . . . . 18 Total Damage 77 | . . . . 77 Kills 1 | . . . . 1 Allies Corrupted . | . . . . . Allies Melted . | . . . . . Intel | -11 -10 -10 -10 -9 ------- Run | Yrd Mat Min Exi Min Robot Analysis Total . | . . . . . Derelict Logs Recovered 1 | . . 1 . . Drone Launches . | . . . . . Drone Recoveries . | . . . . . Exploration | -11 -10 -10 -10 -9 ------------- Run | Yrd Mat Min Exi Min Turns Passed 2051 | 4 724 183 400 740 Spaces Moved 872 | 1 288 115 233 235 Core . | . . . . . Treads 872 | 1 288 115 233 235 Legs . | . . . . . Wheels . | . . . . . Hover . | . . . . . Flight . | . . . . . Fastest Speed 160 | 160 160 160 160 240 Average Speed 184 | 160 161 160 170 240 Slowest Speed 240 | 160 240 160 240 240 Overloaded Moves . | . . . . . Propulsion Burnouts . | . . . . . Robots Hopped . | . . . . . Cave-ins Triggered . | . . . . . Exploration Rate (%) 41 | 2 53 46 61 43 Regions Visited 4 Branch Regions 3 Pre-discovered Areas . | . . . . . Known Exits Taken 1 | . 1 . . . Unknown Exits Taken 3 | 1 . 1 1 . Scrap Searched 3 | . . 1 . 2 Spaces Dug . | . . . . . Terrain Destroyed . | . . . . . Melee . | . . . . . Projectile . | . . . . . AOE . | . . . . . Terrain Rammed . | . . . . . Walls Destroyed . | . . . . . Machines Disabled . | . . . . . Actions | -11 -10 -10 -10 -9 --------- Run | Yrd Mat Min Exi Min Total 1096 | 4 424 114 237 317 Wait 63 | . 47 . . 16 Move 868 | . 287 114 232 235 Hop . | . . . . . Pick Up 10 | . 6 . 3 1 Fast Attach 3 | . 2 . . 1 Attach 8 | 2 4 . . 2 Detach . | . . . . . Swap 9 | . 4 . 1 4 Drop 15 | 2 10 . 1 2 Fire 116 | . 62 . . 54 Melee . | . . . . . Ram . | . . . . . Kick . | . . . . . Crush 4 | . 2 . . 2 Escape Stasis . | . . . . . Rewire . | . . . . . Trap . | . . . . . Miscellaneous . | . . . . . Route ------- -11/Scrapyard -10/Materials (discovered 2 exits: [*Mat] / *Min) -10/Mines (discovered 2 exits: [*Mat] / *Exi) -10/Exiles -9/Mines History --------- Turn | Location | Event 5 | -11/Scrapyard | Discovered new exit (range 0) 5 | -11/Scrapyard | Entered Materials 306 | -10/Materials | Build established: Mutant 443 | -10/Materials | Identified exit to Mines 455 | -10/Materials | Discovered new exit (range 15) 729 | -10/Materials | Entered Mines 805 | -10/Mines | Learned Materials stockpile data 808 | -10/Mines | Met a Derelict bent on vengeance 865 | -10/Mines | Discovered new exit (range 12) 905 | -10/Mines | Deemed a non-threat by the Exiles lab entrance 905 | -10/Mines | Discovered new exit (range 5) 912 | -10/Mines | Entered Exiles 951 | -10/Exiles | Met 8R-AWN 980 | -10/Exiles | Met EX-HEX 1021 | -10/Exiles | Met EX-BIN 1044 | -10/Exiles | Aligned with FarCom system 1045 | -10/Exiles | Given EX-Vault access code 1087 | -10/Exiles | Opened EX-Vault 1095 | -10/Exiles | Found Field Lobotomy Kit 1099 | -10/Exiles | Found Firepult 1102 | -10/Exiles | Found Skeleton Box 1133 | -10/Exiles | Warned to stay clear of 0b10 Research branches 1155 | -10/Exiles | Exiles lab attacked by MAIN.C 1281 | -10/Exiles | Discovered new exit (range 10) 1312 | -10/Exiles | Stole three prototypes: Skeleton Box, Firepult, Field Lobotomy Kit 1312 | -10/Exiles | Entered Mines 1325 | -9/Mines | Core integrity fell below 50% 1495 | -9/Mines | Joined a pair of Derelicts in attacking an 0b10 outpost 1776 | -9/Mines | Assembled infested the area 1781 | -9/Mines | Assisted by a Guerilla fighting off Assembled 1919 | -9/Mines | Destroyed 8 combat bots 1968 | -9/Mines | Assisted by bots powering up and referring to "LRC-V3" 2008 | -9/Mines | Core integrity fell below 20% 2034 | -9/Mines | Lost 3 allies 2052 | -9/Mines | Destroyed by as-32432 with Assembled Blade Last Messages --------------- command?" 01968_ Trooper 2b: "Hello LRC-V3. What is your command?" 01989_ Cooling System destroyed. 01989_ System corrupted by crushing effect (+5). 01989_ Mercenary 2a destroyed. 01990_ as-74569 destroyed. 01997_ as-14630 destroyed. 01999_ Trooper 2b destroyed. 02003_ Trooper 2a destroyed. 02005_ Acquired 3 matter. 02010_ System corrupted: Matter fused (-5). 02014_ Acquired Imp. Heat Sink. 02016_ as-69031 destroyed. 02019_ as-26789 destroyed. 02026_ Acquired 17 matter. 02031_ System corrupted: Substantial component data lost. 02050_ System corrupted: IFF burst signal emitted. Map ----- +----------------------------------------------------+ | ##### ### ]#???### #?????????????????????? | | #?????# #?????????????????????? | | ###### ###???????????????????? | | ## ### #???????????????????? | | ######?# ######## #???????????????????? | | ##??????????#??????# #???????????????????? | | ###???????#??????????# #???????????????????? | | ##?????????# ####### ###?????????????????? | | ??????????# ####??????????????? | | ???????# ##?????????????? | | ??????? | ###### #?????????????? | | ???????? =##????????## #?????????????? | | ????????? ??????????????## ##????????????? | | ?????????# ??????####????## #????????????? | | ?????????# ##???## ####### #????????????? | | ?????????# ??# |! #????????????? | | ## #?????# ??# [%[##????????????? | | #???????# ### ###########?????????????? | | ####???????# ## #??????????????????? | | ???????????# ## #??????????????????? | | ????????####### # ###????????????????? | | #########[! %%% ##???????????????? | | %!% %% % ###?????????????? | | % ######## #######???????? | | ############??????# ## %= #???????? | | ?????????????###### ### %@= % #???????? | | ?????????????# #?###a######## #???????? | | ?????????????# ######???#%#?????????#???????? | | ????????????????????????#*#?????????????????? | | ????????????????????????#%#?????????????????? | | ????????????????????????#a#?????????????????? | | ????????????????????????#=#?????????????????? | | ????????????????????????#|#?????????????????? | | ???????????????????????? *=?????????????????? | | ???????????????????????? ##?????????????????? | | ???????????????????????? ???????????????????? | | ????????????????????????a???????????????????? | | ???????????????????????? ???????????????????? | | ???????????????????????? ???????????????????? | | ????????????????????????#???????????????????? | | ????????????????????????????????????????????? | | ????????????????????????????????????????????? | | ????????????????????????????????????????????? | | ????????????????????????????????????????????? | | ????????????????????????????????????????????? | | ????????????????????????????????????????????? | | ????????????????????????????????????????????? | | ????????????????????????????????????????????? | | ????????????????????????????????????????????? | | ????????????????????????????????????????????? | +----------------------------------------------------+ Best States ------------- Heat Dissipation 47 Energy Generation 12 Energy Capacity 265 Matter Stores 300 Matter Capacity 300 Sight Range 16 Terrain Scan Density 10 Evasion (%) 40 Recoil Reduction 2 Item Schematics ----------------- None Robot Schematics ------------------ None Fabricated ------------ Nothing Alien Tech Used ----------------- None Achievements -------------- None Challenges ------------ None Game ------ Seed LightHybridShield Manual? 0 Play Time 00:14:28 Cumulative 83.9 hours Start 2024.11.10 @ 03:44:46 End 2024.11.10 @ 03:55:18 Sessions 1 Manual Loads 0 Difficulty Rogue Special Mode None Game No. 68 Rogue 50 Adventurer 16 Explorer 2 Win Type - Total 3 Types 3/0/0/0/0/0/0/0/0 Lore% 15 Gallery% 52 Achievement% 49 Wizard Run 0 Options --------- Layout 2 ASCII 0 Keyboard 0 Movement Numpad Keybinds 1 Fullscreen 1 Font 24/Terminus Map View 50x44 Zoom Use 0% Tactical HUD 1 Map Filters NONE Filters NONE Steam 1 RUN: 134738ab-8d84-446f-a82a-860cdb01ffae